 Dungeon Crawl Stone Soup version 0.26.0-45-g9c1d065592 (webtiles) character file.

Game seed: 7289734587110956738

78 Gauvater the Skirmisher (level 4, 0/41 HPs)
             Began as a Palentonga Fighter on Jan 28, 2021.
             Succumbed to an adder's poison
             ... on level 2 of the Dungeon.
             The game lasted 00:04:56 (1279 turns).

Gauvater the Skirmisher (Palentonga Fighter)        Turns: 1279, Time: 00:04:57

Health: 0/41       AC:  6    Str: 21    XL:     4   Next: 15%
Magic:  4/4        EV:  5    Int:  8    God:
Gold:   41         SH:  9    Dex: 15    Spells: 3/3 levels left

rFire    . . .     SeeInvis +   a - +0 war axe
rCold    . . .     Faith    .   c - +0 kite shield
rNeg     . . .     Spirit   .   b - +0 scale mail
rPois    .         Reflect  .   (no helmet)
rElec    .         Harm     .   (no cloak)
rCorr    .         Rampage  .   (no gloves)
Will     .....                  (no barding)
Stlth    ..........             (no amulet)
HPRegen  0.13/turn              l - +6 ring of dexterity
MPRegen  0.09/turn              (no ring)

@: lethally poisoned (0 -> -3)
A: large, rugged brown scales 3, see invisible, deformed body, roll 1, armoured
tail
a: Rolling Charge


You were on level 2 of the Dungeon.
You visited 1 branch of the dungeon, and saw 2 of its levels.

You collected 41 gold pieces.

Inventory:

Hand Weapons
 a - a +0 war axe (weapon)
Missiles
 k - 9 bolts
Armour
 b - a +0 scale mail (worn)
 c - a +0 kite shield (worn)
Jewellery
 l - a +6 ring of dexterity (left hand)
Scrolls
 f - 4 scrolls of remove curse {unknown}
 h - 3 scrolls of identify {unknown}
 i - a scroll of noise {unknown}
 j - a scroll of blinking {unknown}
Potions
 d - 2 potions of might


   Skills:
 + Level 3.6 Fighting
 + Level 2.7 Axes
 + Level 3.0 Armour
 + Level 0.1 Dodging
 + Level 2.8 Shields


You had 3 spell levels left.
You didn't know any spells.
Your spell library was empty.

Dungeon Overview and Level Annotations

Branches:
Dungeon (2/15)

Altars:


Innate Abilities, Weirdness & Mutations

You are completely covered in rugged brown scales. (AC +3, +7% HP)
You have supernaturally acute eyesight. (SInv)
Armour fits poorly on your strangely shaped body.
You can roll at nearby foes to attack.
You have a long armoured tail.


Message History

You feel sick. The bat closely misses you.
You miss the bat. You tail-slap the bat.
You kill the bat!
* * * LOW HITPOINT WARNING * * *
You feel sick.
There is a lethal amount of poison in your body!
* * * LOW HITPOINT WARNING * * *
You feel sick.
Things that are here:
a bat corpse; an adder corpse
* * * LOW HITPOINT WARNING * * *
You feel sick.
* * * LOW HITPOINT WARNING * * *
You feel sick.
* * * LOW HITPOINT WARNING * * *
You feel sick.
* * * LOW HITPOINT WARNING * * *
You feel sick.
You open the door.
You die...

........#............
........#.............#
.†......#.............#
...####.#.............#
...# #††.............#
...# ##...)..........#
...# #..........[...#
#### ##.....(.......#
#.......@.....#
.....######'####.#
....... #.# ....... #.#
....... #.# ...... #.#
.... #.# #.#


There were no monsters in sight!

Vanquished Creatures
  3 adders (D:2)
  A dart slug (D:2)
  A leopard gecko (D:1)
  2 giant cockroaches
  10 goblins
  5 hobgoblins
  3 jackals (D:1)
  2 kobolds (D:1)
  9 bats
  3 frilled lizards (D:1)
  9 rats
48 creatures vanquished.

Notes
Turn   | Place    | Note
-------+----------+-------------------------------------------
     0 | D:1      | Gauvater the Palentonga Fighter began the quest for the
                  | Orb.
     0 | D:1      | Reached XP level 1. HP: 20/20 MP: 1/1
    90 | D:1      | Reached XP level 2. HP: 19/27 MP: 2/2
   557 | D:1      | Reached XP level 3. HP: 18/33 MP: 3/3
  1267 | D:2      | Reached XP level 4. HP: 8/41 MP: 4/4
  1274 | D:2      | HP: 2/41 [poisoned by an adder]
  1279 | D:2      | Succumbed to an adder's poison

Illustrated notes

Levels and vault maps discovered:
D:1:      dpeg_cavernosity, layout_basic, minmay_hexomino_f4
D:2:      layout_basic

Skill      XL: |  1  2  3 |
---------------+----------+-----
Armour         | 3 |  3.0
Fighting       | |  3.6
Axes           | |  2.7
Dodging        | |  0.1
Shields        | |  2.8

Action                   |  1- 3 |  4- 6 || total
-------------------------+-------+-------++-------
Melee: War axe           |   103 |     1 ||   104
       Tailslap          |    11 |     1 ||    12
 Abil: Rolling Charge    |    17 |       ||    17
  Use: Potion            |       |     2 ||     2
Armor: Scale mail        |    86 |       ||    86
Dodge: Dodged            |    30 |     1 ||    31
Block: Kite shield       |    71 |     1 ||    72
